 Dungeon Crawl Stone Soup version 0.14.0-24-gfb45beb (webtiles) character file.

311 Maka the Insei (level 5, -1/27 HPs)
             Began as a Vine Stalker Monk on Apr 24, 2014.
             Was a Priest of Makhleb.
             Slain by a worker ant (4 damage)
             ... on Level 4 of the Dungeon.
             The game lasted 00:08:20 (1718 turns).

Maka the Insei (Vine Stalker Monk)                  Turns: 1718, Time: 00:08:20

HP  -1/27        AC  3     Str 14      XL: 5   Next: 10%
MP   0/8         EV 13     Int 10      God: Makhleb [***...]
Gold 185         SH  0     Dex 17      Spells:  0 memorised,  4 levels left

rFire  . . .     SeeInvis .       - Unarmed
rCold  . . .     Clarity  .     k - +0 robe
rNeg   . . .     Conserve .     (no shield)
rPois  .         rCorr    .     (no helmet)
rElec  .         rRot     +     (no cloak)
SustAb . .       Spirit   +     j - +0 pair of gloves
rMut   .         Warding  .     (no boots)
Saprov . . .     Stasis   .     c - amulet of rage
MR     .....                    (no ring)
                                (no ring)

@: not resistant to hostile enchantments, fairly stealthy
A: fangs 2, regeneration 1, magic shield, antimagic bite, no device heal
a: Minor Destruction, Lesser Servant of Makhleb, Renounce Religion, Evoke
Berserk Rage


You were on level 4 of the Dungeon.
You worshipped Makhleb.
Makhleb was most pleased with you.
You were full.

You visited 1 branch of the dungeon, and saw 4 of its levels.

You collected 185 gold pieces.

Inventory:

Armour
 j - a +0 pair of gloves (worn)
 k - a +0 robe (worn)
Comestibles
 b - 2 bread rations
 h - a meat ration
Scrolls
 d - 2 scrolls of teleportation {unknown}
 e - a scroll of identify
 i - a scroll of random uselessness {unknown}
Jewellery
 c - an amulet of rage (around neck)
Potions
 a - 2 potions of resistance
 f - a potion of invisibility {unknown}
 g - 3 potions of curing


   Skills:
 - Level 2.6 Fighting
 - Level 2.4 Dodging
 - Level 2.4 Stealth
 - Level 6.0 Unarmed Combat
 + Level 1.3 Invocations


You had 4 spell levels left.
You didn't know any spells.

Dungeon Overview and Level Annotations

Branches:
Dungeon (4/15)
 Temple: D:4-7

Altars:
Fedhas
Makhleb


Innate Abilities, Weirdness & Mutations

You are immune to rotting.
You have extremely sharp teeth.
Your natural rate of healing is unusually fast.
When hurt, damage is shared between your health and your magic reserves.
Your bite disrupts and absorbs the magic of your enemies.
Potions and wands cannot restore your HP.


Message History

The worker ant misses you. The goblin completely misses you.
You hit the worker ant.
The worker ant is moderately wounded.
The worker ant bites you. The goblin hits you with a club.
You hit the worker ant. Your bite misses the worker ant.
The worker ant is heavily wounded.
The worker ant bites you!
You are poisoned.
The worker ant poisons you! The worker ant closely misses you.
You punch the worker ant! Your bite misses the worker ant.
The worker ant is almost dead.
You feel sick. The goblin hits you with a club. The worker ant bites you.
* * * LOW HITPOINT WARNING * * *
A giant mite comes into view.
You are too injured to fight recklessly!
Drink which item? (? for menu, Esc to quit)
You feel better. The goblin hits you with a club.
* * * LOW HITPOINT WARNING * * *
The worker ant bites you.
You die...

..........................##
..............#####.........##
..............# #..........##
..............# #...........##
...............# #.........).(#
...............#####.............
.....>...........................
...>.>........g.................
a............za@..).............
..............#####.............
.............# #.....)......#
.......s..$.# #...........##
........)..# #..........##
..........# #.........##
.......... ..........##
.....#####..........## ....#
.........##


You could see a worker ant, a giant mite (wandering), a goblin and a giant newt
skeleton.

Vanquished Creatures
  A hound (D:2)
  An orc skeleton (D:4)
  2 adders
  2 worms
  6 bats
  A giant cockroach (D:3)
  13 goblins
  9 hobgoblins
  6 kobolds
  A quokka (D:2)
  2 giant geckos
  8 giant newts
  A hobgoblin skeleton (D:3)
  3 jackals (D:2)
  7 rats
63 creatures vanquished.

Notes
Turn   | Place    | Note
--------------------------------------------------------------
     0 | D:1      | Maka, the Vine Stalker Monk, began the quest for the Orb.
     0 | D:1      | Reached XP level 1. HP: 11/11 MP: 1/1
   252 | D:1      | Reached XP level 2. HP: 14/16 MP: 3/3
   726 | D:2      | Reached XP level 3. HP: 15/19 MP: 4/4
   800 | D:2      | Reached skill level 5 in Unarmed Combat
   801 | D:2      | Found a burning altar of Makhleb.
   807 | D:2      | Became a worshipper of Makhleb the Destroyer
   807 | D:2      | Acquired Makhleb's first power
   807 | D:2      | Acquired Makhleb's second power
   865 | D:2      | Found a blossoming altar of Fedhas.
   882 | D:2      | Reached XP level 4. HP: 23/23 MP: 5/5
  1385 | D:3      | Acquired Makhleb's third power
  1465 | D:3      | Reached skill level 6 in Unarmed Combat
  1645 | D:4      | Reached skill level 1 in Invocations
  1645 | D:4      | Reached XP level 5. HP: 27/27 MP: 7/7
  1718 | D:4      | Slain by a worker ant

Action                   |  1- 3 |  4- 6 || total
-------------------------+-------+-------++-------
Melee: Unarmed           |    81 |    97 ||   178
  Use: Potion            |     1 |     1 ||     2
       Scroll            |       |     8 ||     8
 Stab: Sleeping          |     2 |     1 ||     3
